 Dungeon Crawl Stone Soup version 0.23.2-40-g277498a001 (webtiles) character file.

Game seed: 18316822041933697913

72 Acheron the Chopper (level 4, -2/27 HPs)
             Began as a Gargoyle Gladiator on Sept 16, 2019.
             Killed by divine providence
             ... invoked by an orc priest
              (17 damage)
             ... on level 2 of the Dungeon.
             The game lasted 00:04:23 (1028 turns).

Acheron the Chopper (Gargoyle Gladiator)            Turns: 1028, Time: 00:04:24

Health: -2/27      AC: 12    Str: 17    XL:     4   Next: 25%
Magic:  4/4        EV: 12    Int:  9    God:
Gold:   103        SH:  0    Dex: 12    Spells: 4/4 levels left

rFire    + . .     SeeInvis .   a - +0 war axe
rCold    . . .     Gourm    .   (no shield)
rNeg     + . .     Faith    .   p - +2 leather armour {rF+}
rPois    ∞         Spirit   .   c - +0 helmet
rElec    +         Reflect  .   (no cloak)
rCorr    .         Harm     .   (no gloves)
MR       .....                  e - +2 pair of boots
Stlth    +.........             (no amulet)
HPRegen  0.09/turn              (no ring)
MPRegen  0.09/turn              (no ring)

@: confused
A: negative energy resistance 1, electricity resistance, unbreathing,
petrification resistance, rot immunity, AC +3
a: no special abilities


You were on level 2 of the Dungeon.
You were not hungry.

You visited 1 branch of the dungeon, and saw 3 of its levels.

You collected 103 gold pieces.

Inventory:

Hand Weapons
 a - a +0 war axe (weapon)
 m - a +0 hunting sling
Missiles
 d - 3 throwing nets (quivered)
 l - 32 stones
 n - 15 poisoned needles
Armour
 c - a +0 helmet (worn)
 e - a +2 pair of boots (worn)
 p - a +2 leather armour of fire resistance (worn)
Jewellery
 j - an uncursed ring of see invisible {unknown}
 k - a +4 ring of protection {unknown}
Scrolls
 b - a scroll of identify {unknown}
Potions
 h - a potion of lignification {unknown}
 i - 3 potions of agility {unknown}
 o - a potion of flight {unknown}
Comestibles
 f - 6 rations


   Skills:
 * Level 2.4 Fighting
 + Level 3.3 Axes
 * Level 2.1 Throwing
 * Level 1.1 Armour
 + Level 2.7 Dodging
 * Level 1.5 Stealth
 * Level 0.6 Spellcasting


You had 4 spell levels left.
You didn't know any spells.
Your spell library was empty.

Dungeon Overview and Level Annotations

Branches:
Dungeon (3/15)

Altars:
Xom


Innate Abilities, Weirdness & Mutations

You are resistant to torment.
Your stone body is resilient. (AC +3)
You are immune to poison.
You resist negative energy. (rN+)
You are resistant to electric shocks. (rElec)
You can survive without breathing.
You are immune to petrification.
You are immune to rotting.


Message History

You slash the orc wizard!
The orc wizard is heavily wounded.
You barely miss the orc. The orc misses you.
The orc wizard points at you and mumbles some strange words.
You are confused.
You slash the orc wizard!
You kill the orc wizard!
Your Armour skill increases to level 1!
You have reached level 4!
You feel clever.
You barely miss the orc.
The orc hits you with a +0 hand axe of venom.
You're too confused to move!
The orc misses you.
You closely miss the orc.
The orc priest invokes the aid of Beogh against you.
Beogh smites you! The orc hits you but does no damage.
The orc priest invokes the aid of Beogh against you.
Beogh smites you!
Ouch! That really hurt!
You die...

#.......#..#######.#
#.≈...≈.#..........#
#.#.......#..........#
..........o........#
#...#####o....##.#
#.............##.#
####..........##.#####
#.......oo...#......#
#........@)..#......#
#)......(#.###......#
#....#####......#####
#....# ##.....# ######
#.....# ##....# #....#
#....# ##...#


You could see an orc priest and 3 orcs.

Vanquished Creatures
  An orc wizard (D:2)
  2 dart slugs (D:1)
  A leopard gecko (D:2)
  An orc (D:2)
  A ball python (D:1)
  3 bats (D:1)
  4 giant cockroaches (D:1)
  7 goblins
  4 hobgoblins
  6 kobolds (D:1)
  A frilled lizard (D:2)
  7 rats
38 creatures vanquished.

Notes
Turn   | Place    | Note
-------+----------+-------------------------------------------
     0 | D:1      | Acheron the Gargoyle Gladiator began the quest for the Orb.
     0 | D:1      | Reached XP level 1. HP: 12/12 MP: 1/1
   119 | D:1      | Reached XP level 2. HP: 16/17 MP: 2/2
   176 | D:1      | Reached skill level 1 in Stealth
   308 | D:1      | Reached XP level 3. HP: 22/22 MP: 3/3
   438 | D:1      | Reached skill level 3 in Axes
   670 | D:3      | Found a shimmering altar of Xom.
  1026 | D:2      | Reached skill level 1 in Armour
  1026 | D:2      | Reached XP level 4. HP: 27/27 MP: 4/4
  1028 | D:2      | Killed from afar by an orc priest

Skill      XL: |  1  2  3 |
---------------+----------+-----
Stealth        | 1 |  1.5
Throwing       | 2 |  2.1
Axes           | 3 |  3.3
Armour         | 1 |  1.1
Fighting       | |  2.4
Dodging        | |  2.7
Spellcasting   | |  0.6

Action                   |  1- 3 |  4- 6 || total
-------------------------+-------+-------++-------
Melee: War axe           |    94 |     1 ||    95
  Use: Scroll            |     1 |       ||     1
 Stab: Sleeping          |     1 |       ||     1
  Eat: Chunk             |     1 |       ||     1
Armor: Leather armour    |    41 |     1 ||    42
Dodge: Dodged            |    66 |     1 ||    67
